 Dungeon Crawl Stone Soup version 0.19-a0-1882-gbb73ea0 (console) character file.

49 brucemayne the Chopper (level 3, -1/27 HPs)
             Began as a Demonspawn Gladiator on Oct 14, 2016.
             Slain by a hobgoblin
             ... wielding a +0 club
             ... led by Robin
              (4 damage)
             ... on level 3 of the Dungeon.
             The game lasted 00:02:04 (610 turns).

brucemayne the Chopper (Demonspawn Gladiator)        Turns: 610, Time: 00:02:05

Health: -1/27      AC:  4    Str: 16    XL:     3   Next: 53%
Magic:  3/3        EV: 12    Int:  9    God:
Gold:   32         SH:  0    Dex: 13    Spells: 0 memorised, 2 levels left

rFire  . . .     SeeInvis .     a - +0 war axe
rCold  . . .     Gourm    .     b - +0 leather armour
rNeg   . . .     Faith    .     (no shield)
rPois  .         Spirit   .     c - +0 helmet
rElec  .         Dismiss  .     (no cloak)
rCorr  .         Reflect  .     (no gloves)
MR     .....     Harm     .     (no boots)
Stlth  +.........               (no amulet)
                                (no ring)
                                (no ring)

@: no status effects
A: claws 1, powered by death 1
a: no special abilities


You were on level 3 of the Dungeon.
You were not hungry.

You visited 1 branch of the dungeon, and saw 3 of its levels.

You collected 32 gold pieces.

Inventory:

Hand Weapons
 a - a +0 war axe (weapon)
Armour
 b - a +0 leather armour (worn)
 c - a +0 helmet (worn)
Scrolls
 g - a scroll of remove curse {unknown}
 i - a scroll of amnesia {unknown}
 j - a scroll of noise {unknown}
 k - a scroll of fear {unknown}
Potions
 e - a potion of degeneration {unknown}
Comestibles
 f - a bread ration


   Skills:
 - Level 2.0 Fighting
 + Level 4.1 Axes
 - Level 1.7 Throwing
 - Level 2.6 Dodging


You had 2 spell levels left.
You didn't know any spells.

Dungeon Overview and Level Annotations

Branches:
Dungeon (3/15)

Altars:

Annotations:
D:3 Ijyb, Robin


Innate Abilities, Weirdness & Mutations

You have sharp fingernails.
You regenerate a little health from kills.


Message History

Ijyb struggles against the net.
The net rips apart, and Ijyb comes free!
The hobgoblin throws a stone.
The stone hits you.
Robin roars a battlecry!
The goblins go into a battle-frenzy!
The hobgoblin closely misses you. Robin closely misses you.
Items here: $ ( ))) †† Unknown command.
You miss Ijyb.
Ijyb is moderately wounded.
You hit Robin. You closely miss the hobgoblin. Ijyb barely misses you.
The hobgoblin hits you with a club.
* * * LOW HITPOINT WARNING * * *
Robin hits you with a trident.
* * * LOW HITPOINT WARNING * * *
You barely miss Ijyb.
Ijyb is moderately wounded.
You hit Robin. You hit the hobgoblin. Ijyb closely misses you.
The hobgoblin hits you with a club.
You die... ###### ... ....# .h.. #..# ### .#.## ###..### #.. hK#

#....(.# #.# #.# #
#.#..#.# #.# ..>.
#.##.#..#.# #.##.....
#.......#.#######g......#
####.####(...))g@g.# #.##
##########.# #..# ...
##.# .#$.. #.# .##..$.
#.# .# .... #.# ## ...
#.### ## #...#


You could see Ijyb, Robin and a hobgoblin.

Vanquished Creatures
  An adder (D:2)
  A bat (D:1)
  A giant cockroach (D:2)
  2 hobgoblins (D:3)
  4 jackals (D:3)
  2 frilled lizards
  13 goblins
  7 kobolds
  5 rats
36 creatures vanquished.

Notes
Turn   | Place    | Note
-------+----------+-------------------------------------------
     0 | D:1      | brucemayne the Demonspawn Gladiator began the quest for the Orb.
     0 | D:1      | Reached XP level 1. HP: 16/16 MP: 1/1
    63 | D:1      | Reached skill level 3 in Axes
   175 | D:2      | Gained mutation: You have sharp fingernails. [demonic ancestry]
   175 | D:2      | Reached XP level 2. HP: 16/22 MP: 2/2
   217 | D:3      | Noticed Ijyb
   557 | D:3      | Gained mutation: You regenerate a little health from kills. [demonic ancestry]
   557 | D:3      | Reached XP level 3. HP: 25/27 MP: 3/3
   576 | D:3      | Noticed Robin
   585 | D:3      | Reached skill level 4 in Axes
   610 | D:3      | Slain by a hobgoblin

Vault maps used:
D:1:      dpeg_arrival_simpleton_b, kennysheep_nondescript, minmay_pentomino_t2
D:2:      chequers_temple_overflow_minitemple, uniq_crazy_yiuf_cottage
D:3:      lemuel_zombie_altar_kikubaaqudgha, uniq_iyjb, uniq_natasha, uniq_robin

Skill      XL: |  1  2  3 |
---------------+----------+-----
Axes           | 3 4 |  4.1
Fighting       | |  2.0
Throwing       | |  1.7
Dodging        | |  2.6

Action                   || total
-------------------------++-------
Melee: War axe           ||   121
Throw: Throwing net      ||     3
 Stab: Held in net/web   ||     1
Armor: Leather armour    ||    32
Dodge: Dodged            ||    93
